 Dungeon Crawl Stone Soup version 0.29-a0-598-gd8304a5bf4 (console) character file.

Game seed: 2396735397152383604

471 om the Insei (level 7, -3/52 HPs)
             Began as a Merfolk Transmuter on June 14, 2022.
             Was a Priest of Lugonu.
             Killed from afar by a steam dragon (15 damage)
             ... with a ball of steam
             ... on level 6 of the Dungeon on June 15, 2022.
             The game lasted 00:07:52 (5755 turns).

om the Insei (Merfolk Transmuter)                   Turns: 5755, Time: 00:07:53

Health: -3/52      AC: 12    Str: 18    XL:     7   Next: 9%
Magic:  9/11       EV: 13    Int: 12    God:    Lugonu [***...]
Gold:   286        SH:  0    Dex: 15    Spells: 6/12 levels left

rFire   . . .      SeeInvis .   w - +0 short sword (flame)
rCold   . . .      Faith    .   (no shield)
rNeg    . . .      Spirit   .   a - +0 robe
rPois   .          Reflect  .   p - +0 helmet
rElec   .          Harm     .   A - +2 cloak {Will+}
rCorr   .          Rampage  .   u - +1 pair of gloves
Will    +....                   (no boots)
Stlth   +.........              (no amulet)
HPRegen 0.17/turn               F - +6 ring of strength
MPRegen 0.12/turn               c - +4 ring of protection

@: no status effects
A: (nimble swimmer 2), mertail
a: Renounce Religion, Depart the Abyss, Bend Space, Banish


You were on level 6 of the Dungeon.
You worshipped Lugonu.
Lugonu was most pleased with you.
You visited 1 branch of the dungeon, and saw 6 of its levels.

You collected 286 gold pieces.

Inventory:

Hand Weapons
 k - a +0 dagger of draining
 w - a +0 short sword of flaming (weapon)
 B - a +4 quarterstaff of chaos
Armour
 a - a +0 robe (worn)
 p - a +0 helmet (worn)
 u - a +1 pair of gloves (worn)
 A - a +2 cloak of willpower (worn)
Jewellery
 c - a +4 ring of protection (right hand)
 e - a ring of protection from cold
 q - a ring of magical power
 F - a +6 ring of strength (left hand)
Wands
 x - a wand of charming (12)
 C - a wand of acid (9)
Scrolls
 d - 3 scrolls of enchant armour {unknown}
 f - 7 scrolls of identify {unknown}
 j - 2 scrolls of vulnerability {unknown}
 m - a scroll of blinking {unknown}
 n - 2 scrolls of poison {unknown}
 o - a scroll of fear {unknown}
 s - a scroll of summoning {unknown}
 t - a scroll of magic mapping {unknown}
 y - 3 scrolls of teleportation {unknown}
 D - a scroll of fog {unknown}
Potions
 b - 3 potions of lignification
 g - 2 potions of brilliance {unknown}
 h - a potion of resistance {unknown}
 i - a potion of curing {unknown}
 l - 2 potions of ambrosia {unknown}
 r - a potion of mutation {unknown}
 v - 2 potions of haste {unknown}
 z - 2 potions of might
 E - a potion of heal wounds {unknown}


   Skills:
 + Level 3.4 Fighting
 - Level 4.0 Dodging
 * Level 5.8 Unarmed Combat
 + Level 3.2 Spellcasting
 + Level 4.7 Transmutations


You had 6 spell levels left.
You knew the following spells:

 Your Spells              Type           Power      Damage    Failure   Level
a - Beastly Appendage     Tmut           26%        N/A       3%          1
b - Wereblood             Tmut           13%        N/A       5%          2
c - Spider Form           Tmut/Pois      7%         N/A       26%         3

Your spell library contained the following spells:

 Spells                   Type           Power      Damage    Failure   Level
 Ensorcelled Hibernation  Hex/Ice        2%         N/A       36%         2
 Dazzling Flash           Conj/Hex       2%         N/A       58%         3
 Ice Form                 Ice/Tmut       7%         N/A       65%         4
 Anguish                  Hex/Necr       0%         N/A       94%         4
 Agony                    Necr           1%         N/A       100%        5
 Silence                  Hex/Air        0%         N/A       100%        5


Dungeon Overview and Level Annotations

Branches:
Dungeon (6/15)             Temple (0/1) D:4

Altars:
Elyvilon
Sif Muna
Lugonu

Shops:
D:5 *


Innate Abilities, Weirdness & Mutations

((You are very nimble when in or above water. (Stealth+, EV+, Speed+++)))
Your lower body shifts to a powerful aquatic tail in water.


Message History

Casting: Beastly Appendage (safe; 3% risk of failure)
Confirm with . or Enter, or press ? or * to list all spells.
You turn into a venomous arachnid creature.
Your +0 short sword of flaming melds into your body.
Your +2 cloak of willpower melds into your body.
Your +0 helmet melds into your body.
Your +1 pair of gloves melds into your body.
Your +0 robe melds into your body.
Your +0 short sword of flaming stops flaming.
You feel less strong-willed.
You climb downwards.
There is a stone staircase leading up here.
Your transformation is almost over.
The steam dragon breathes steam at you. The ball of steam misses you.
You are engulfed in a cloud of scalding steam.
You see here a scroll labelled ZIREAM MES KIH.
You are engulfed in a cloud of scalding steam.
Bite: -) Fangs (venom)
Press: ? - help, Dir - move target, f - you
Okay, then.
The steam dragon closely misses you. x2
You barely miss the steam dragon. The steam dragon breathes steam at you.
The ball of steam hits you!!
You hit the steam dragon.
The steam dragon is lightly wounded.
You are engulfed in a cloud of scalding steam.
* * * LOW HITPOINT WARNING * * *
Your transformation has ended.
Your +0 short sword of flaming unmelds from your body.
Your +2 cloak of willpower unmelds from your body.
Your +0 helmet unmelds from your body.
Your +1 pair of gloves unmelds from your body.
Your +0 robe unmelds from your body.
Your +0 short sword of flaming bursts into flame!
You feel strong-willed. The steam dragon breathes steam at you.
The ball of steam hits you!
You die...

# #.#########
##.#.... ..#
.......###.#
##.#....##§###
#....<..D@§§.#
#.........##§#.#
..#.......§..# #
##.######### #.
#


You could see a steam dragon (catching breath).

Vanquished Creatures
  A scorpion (D:4)
  2 hounds
  Crazy Yiuf (D:3)
  2 orc priests
  An iguana (D:5)
  An orc wizard (D:4)
  4 gnolls (D:5)
  10 adders
  2 dart slugs (D:1)
  4 orcs
  7 ball pythons
  7 bats
  6 endoplasms
  7 giant cockroaches
  5 goblins (D:1)
  4 hobgoblins
  4 jackals (D:1)
  3 kobolds
  8 quokkas
  3 frilled lizards
  4 rats (D:2)
86 creatures vanquished.

Notes
Turn   | Place    | Note
-------+----------+-------------------------------------------
     0 | D:1      | om the Merfolk Transmuter began the quest for the Orb.
     0 | D:1      | Reached XP level 1. HP: 15/15 MP: 3/3
   374 | D:1      | Reached XP level 2. HP: 19/21 MP: 3/5
   488 | D:1      | Found a faded altar of an unknown god.
   600 | D:1      | Prayed at the altar of an unknown god.
   600 | D:1      | Became a worshipper of Lugonu the Unformed
   600 | D:1      | Reached * piety under Lugonu
   600 | D:1      | Reached ** piety under Lugonu
   668 | D:1      | Reached XP level 3. HP: 26/26 MP: 4/6
  1601 | D:2      | Reached skill level 4 in Unarmed Combat
  1872 | D:2      | Reached XP level 4. HP: 25/31 MP: 7/7
  2551 | D:3      | Learned a level 2 spell: Wereblood
  2555 | D:3      | Learned a level 3 spell: Spider Form
  2691 | D:3      | Reached *** piety under Lugonu
  2931 | D:3      | Found a runed translucent door.
  2932 | D:3      | Noticed Crazy Yiuf
  3377 | D:3      | Killed Crazy Yiuf
  3724 | D:4      | Found a white marble altar of Elyvilon.
  3784 | D:4      | Noticed a scorpion
  3800 | D:4      | Reached XP level 5. HP: 38/39 MP: 6/8
  4070 | D:4      | Reached XP level 6. HP: 46/46 MP: 10/10
  4140 | D:4      | Reached skill level 5 in Unarmed Combat
  4205 | D:4      | Found a staircase to the Ecumenical Temple.
  4545 | D:5      | Entered Level 5 of the Dungeon
  4550 | D:5      | Upgraded the game from 0.29-a0-582-ge82337ba6a to
                  | 0.29-a0-598-gd8304a5bf4
  4551 | D:5      | Found Ytoerhao's Assorted Antiques.
  5010 | D:5      | Reached XP level 7. HP: 39/52 MP: 11/11
  5621 | D:5      | Found a shimmering blue altar of Sif Muna.
  5740 | D:6      | Noticed a steam dragon
  5755 | D:6      | Killed from afar by a steam dragon

Illustrated notes

Levels and vault maps discovered:
D:1:      dpeg_arrival_round_b, layout_rooms, shapermc_ecumenical_altar_petra,
          nrook_uturn, minmay_pentomino_t4
D:2:      layout_loops_cross
D:3:      layout_loops_cross, uniq_crazy_yiuf_cottage
D:4:      layout_cave_pods, elyvilon_altar_4, minmay_temple_entry_poolview
D:5:      layout_layer_cave, nicolae_sif_muna_condensation, serial_shops,
          shop_statue
D:6:      layout_loops_corners, gammafunk_ghost_necromancy,
          roderic_roman_lattice

Skill      XL: |  1  2  3  4  5  6 |
---------------+-------------------+-----
Dodging        | 3 4 |  4.0
Transmutations | 3 4 |  4.7
Unarmed Combat | 4 5 |  5.8
Fighting       | 2 3 |  3.4
Spellcasting   | 3 |  3.2

Action                   |  1- 3 |  4- 6 |  7- 9 || total
-------------------------+-------+-------+-------++-------
Melee: Unarmed           |   107 |       |     2 ||   109
       Headbutt          |    17 |    13 |     6 ||    36
       Dagger            |    35 |    26 |       ||    61
       Punch             |     2 |     6 |       ||     8
       Quarterstaff      |       |    31 |       ||    31
       Short sword       |       |    85 |    15 ||   100
 Cast: Beastly Appendage |    28 |    21 |     3 ||    52
       Wereblood         |       |     1 |       ||     1
       Spider Form       |       |       |     1 ||     1
  Use: Potion            |       |     1 |       ||     1
 Stab: Sleeping          |     2 |     1 |       ||     3
Armor: Robe              |    50 |    62 |     4 ||   116
Dodge: Dodged            |   111 |   107 |    16 ||   234

Table legend: (Time is in decaauts)
 A = Elapsed time spent in this place.
 B = Non-inter-level travel time spent in this place.
 C = Inter-level travel time spent in this place.
 D = Time resting spent in this place.
 E = Time spent auto-exploring this place.
 F = Levels seen in this place.
 G = Mean time per level.
                   A        B        C        D        E       F      G
               +--------+--------+--------+--------+--------+-----+--------+
         Total |   5761 |   5526 |    235 |    781 |   3928 |   6 |  960.2 |
       Dungeon |   5761 |   5526 |    235 |    781 |   3928 |   6 |  960.2 |
               +--------+--------+--------+--------+--------+-----+--------+

Top non-repeatable levels by time:
     D:1: 1394 daAuts
     D:5: 1205 daAuts
     D:3: 1189 daAuts
     D:2: 1069 daAuts
     D:4: 889 daAuts
     D:6: 12 daAuts
